 Dungeon Crawl Stone Soup version 0.26-a0-812-g31a745ddcd (webtiles) character file.

Game seed: 3059204213996969669

1225 Lanoc the Shooter (level 8, 0/61 HPs)
             Began as a Human Arcane Marksman on Nov 18, 2020.
             Slain by a worker ant (6 damage)
             ... on level 5 of the Dungeon.
             The game lasted 00:07:02 (4155 turns).

Lanoc the Shooter (Human Arcane Marksman)           Turns: 4155, Time: 00:07:03

Health: 0/61       AC:  2    Str: 11    XL:     8   Next: 76%
Magic:  9/9        EV: 15    Int: 14    God:
Gold:   84         SH:  0    Dex: 15    Spells: 6/9 levels left

rFire    . . .     SeeInvis .   a - +1 shortbow
rCold    . . .     Faith    .   (shield currently unavailable)
rNeg     . . .     Spirit   .   e - +0 robe
rPois    .         Reflect  .   (no helmet)
rElec    .         Harm     .   (no cloak)
rCorr    .         Rampage  .   (no gloves)
MR       +....                  (no boots)
Stlth    ..........             g - amulet of inaccuracy (curse)
HPRegen  0.20/turn              j - ring of protection from magic
MPRegen  0.11/turn              k - ring of attention (curse)

@: lethally poisoned (0 -> -3)
A: no striking features
a: no special abilities


You were on level 5 of the Dungeon.
You visited 1 branch of the dungeon, and saw 5 of its levels.

You collected 84 gold pieces.

Inventory:

Hand Weapons
 a - a +1 shortbow (weapon)
 b - a +2 whip of freezing
Missiles
 d - 63 arrows (quivered)
Armour
 e - a +0 robe (worn)
Jewellery
 g - a cursed amulet of inaccuracy (around neck)
 j - a ring of protection from magic (left hand)
 k - a cursed ring of attention (right hand)
 n - an uncursed amulet of the acrobat {unknown}
Wands
 f - a wand of digging (3)
 l - a wand of acid (6)
Scrolls
 c - a scroll of teleportation
 h - 2 scrolls of enchant armour
 i - 2 scrolls of identify
 m - a scroll of enchant weapon


   Skills:
 + Level 4.9 Fighting
 * Level 7.3 Bows
 + Level 5.2 Dodging
 - Level 1.0 Spellcasting
 - Level 3.0 Hexes


You had 6 spell levels left.
You knew the following spells:

 Your Spells              Type           Power        Failure   Level
a - Corona                Hex            #......      8%          1
b - Blink                 Tloc           N/A          36%         2

Your spell library contained the following spells:

 Spells                   Type           Power        Failure   Level
 Slow                     Hex            #.......     12%         2
 Magic Dart               Conj           #...         26%         1
 Call Imp                 Summ           #.......     36%         2
 Inner Flame              Hex/Fire       #.......     38%         3
 Portal Projectile        Hex/Tloc       #.....       38%         3
 Cause Fear               Hex            #.........   58%         4
 Conjure Flame            Conj/Fire      #.......     61%         3
 Mephitic Cloud           Conj/Pois/Air  #.......     61%         3
 Leda's Liquefaction      Hex/Erth       #.........   80%         4


Dungeon Overview and Level Annotations

Branches:
Dungeon (5/15)
 Temple: D:4-7

Altars:
Elyvilon
Makhleb
Nemelex Xobeh
Qazlal
Sif Muna
Zin

Annotations:
D:4 2 runed translucent doors, emiel's ghost, weakling DsDe


Message History

The worker ant closely misses you.
Firing (i - inventory)
d - 65 arrows (quivered)
Press: ? - help, Shift-Dir - straight line, f/p - worker ant
Aim: a worker ant (heavily wounded)
You shoot an arrow.
The arrow hits the worker ant but does no damage.
The worker ant is heavily wounded.
You feel sick. The worker ant bites you.
* * * LOW HITPOINT WARNING * * *
Firing (i - inventory)
d - 64 arrows (quivered)
Press: ? - help, Shift-Dir - straight line, f/p - worker ant
Aim: a worker ant (heavily wounded)
You shoot an arrow.
The arrow hits the worker ant but does no damage.
The worker ant is heavily wounded.
The worker ant bites you.
* * * LOW HITPOINT WARNING * * *
You feel sick. The worker ant misses you.
You feel sick. The worker ant bites you.
You die...

.# ########(#
#.....(..#
#........#
#........#
#$.......#
#........#
########!..!.@B(# #
#...#.#########.#
##
#.#.#.#...........#
.
#.#.#.#.###########
.# .#.....#.#######
###.#
................
....
.####...########
###.### #.#<#
##.....### #.###
##.........


You could see a worker ant.

Vanquished Creatures
  Pikel (D:4)
  Grinder (D:5)
  An ogre (D:4)
  A centaur (D:4)
  A lemure (D:4)
  Blork the orc (D:3)
  A scorpion (D:5)
  A hound (D:3)
  Jessica (D:3)
  A centaur skeleton (D:4)
  2 iguanas (D:4)
  A worker ant (D:4)
  3 gnolls
  6 adders
  A dart slug (D:4)
  A leopard gecko (D:2)
  5 orcs
  3 ball pythons
  A bat (D:2)
  A giant cockroach (D:1)
  5 hobgoblins
  A kobold (D:1)
  2 quokkas
  7 frilled lizards
  2 goblins
  A leopard gecko skeleton (D:4)
  A quokka skeleton (D:4)
  7 rats
60 creatures vanquished.

Notes
Turn   | Place    | Note
-------+----------+-------------------------------------------
     0 | D:1      | Lanoc the Human Arcane Marksman began the quest for the
                  | Orb.
     0 | D:1      | Reached XP level 1. HP: 15/15 MP: 2/2
   155 | D:1      | Reached XP level 2. HP: 21/21 MP: 3/3
   564 | D:2      | Reached XP level 3. HP: 26/26 MP: 4/4
   770 | D:3      | Reached skill level 3 in Bows
   922 | D:3      | Reached XP level 4. HP: 21/33 MP: 5/5
  1185 | D:3      | Found a burning altar of Makhleb.
  1188 | D:3      | Reached XP level 5. HP: 33/38 MP: 6/6
  1251 | D:3      | Noticed Jessica
  1328 | D:3      | Noticed Blork the orc
  1531 | D:3      | Killed Blork the orc
  1531 | D:3      | Reached skill level 4 in Bows
  1609 | D:3      | Found a shimmering blue altar of Sif Muna.
  1875 | D:3      | Killed Jessica
  1875 | D:3      | Reached XP level 6. HP: 40/46 MP: 7/7
  2857 | D:4      | Reached skill level 5 in Bows
  3010 | D:4      | Found a large runed translucent door.
  3010 | D:4      | Found a large runed translucent door.
  3030 | D:4      | Noticed emiel's ghost (weakling DsDe)
  3053 | D:4      | Found a sparkling altar of Nemelex Xobeh.
  3057 | D:4      | Noticed an ogre
  3072 | D:4      | Killed an ogre
  3072 | D:4      | Reached XP level 7. HP: 27/52 MP: 8/8
  3413 | D:4      | Found a glowing silver altar of Zin.
  3464 | D:4      | Noticed Pikel
  3508 | D:4      | Killed Pikel
  3508 | D:4      | Reached skill level 6 in Bows
  3508 | D:4      | Reached XP level 8. HP: 16/61 MP: 9/9
  3841 | D:4      | Found a stormy altar of Qazlal.
  4017 | D:5      | Entered Level 5 of the Dungeon
  4031 | D:5      | Noticed Grinder
  4043 | D:5      | Killed Grinder
  4043 | D:5      | Reached skill level 7 in Bows
  4043 | D:5      | Reached skill level 5 in Dodging
  4113 | D:5      | Found a white marble altar of Elyvilon.
  4117 | D:5      | Learned a level 2 spell: Blink
  4155 | D:5      | Slain by a worker ant

Illustrated notes

Levels and vault maps discovered:
D:1:      mrwooster_arrival_statue, layout_basic, minmay_pentomino_z4
D:2:      layout_basic
D:3:      layout_basic, tgw_sif, makhleb_heckhound_becter, uniq_jessica
D:4:      layout_basic, nicolae_qazlal_eye_of_the_storm, old_standard_altar,
          zin_scriptorium, ebering_ghost_disaster_area, uniq_pikel
D:5:      layout_basic, elyvilon_altar_3, kennysheep_mini,
          kiku_gazebo_garden_becter, trog_book, uniq_ijyb, uniq_duvessa,
          uniq_menkaure, uniq_grinder

Skill      XL: |  1  2  3  4  5  6  7  8 |
---------------+-------------------------+-----
Bows           | 3 4 5 6 7 |  7.3
Fighting       | 2 3 4 |  4.9
Dodging        | 3 4 5 |  5.2
Spellcasting   | |  1.0
Hexes          | |  3.0

Action                   |  1- 3 |  4- 6 |  7- 9 || total
-------------------------+-------+-------+-------++-------
Melee: Unarmed           |       |    10 |       ||    10
 Fire: Shortbow          |    74 |   150 |   115 ||   339
Evoke: Wand              |       |     2 |     2 ||     4
  Use: Potion            |       |     4 |     1 ||     5
       Scroll            |       |     3 |     3 ||     6
Armor: Robe              |     4 |     6 |       ||    10
       Skin              |       |    17 |    17 ||    34
Dodge: Dodged            |    22 |    72 |    36 ||   130

Table legend: (Time is in decaauts)
 A = Elapsed time spent in this place.
 B = Non-inter-level travel time spent in this place.
 C = Inter-level travel time spent in this place.
 D = Time resting spent in this place.
 E = Time spent auto-exploring this place.
 F = Levels seen in this place.
 G = Mean time per level.
                   A        B        C        D        E       F      G
               +--------+--------+--------+--------+--------+-----+--------+
         Total |   4180 |   4079 |    101 |    245 |   3235 |   5 |  836.0 |
       Dungeon |   4180 |   4079 |    101 |    245 |   3235 |   5 |  836.0 |
               +--------+--------+--------+--------+--------+-----+--------+

Top non-repeatable levels by time:
     D:4: 1678 daAuts
     D:3: 1589 daAuts
     D:2: 480 daAuts
     D:1: 293 daAuts
     D:5: 138 daAuts
